Canucks vs Belleville Senators

Created - 11 octobre 2025 at 08:29

Goals
1 2 3 T
Canucks 0 1 0 1
Belleville Senators 0 3 0 3
Shots
1 2 3 T
Canucks 4 13 21 38
Belleville Senators 9 8 10 27

GoalsPenalties
1st period
No Goal
Eric Comrie (OTT) for Delaying the game (Minor) at 9:21 - Glenn Gawdin served the penalty
2nd period
1. Belleville Senators , Rhett Gardner 1 (Isak Rosen 1, Tyler Wotherspoon 1) at 3:21
2. Canucks , Jesse Puljujarvi 1 (Nils Aman 1, Austin Watson 1) at 5:48
3. Belleville Senators , Oliver Wahlstrom 1 (Justin Kirkland 1) at 7:10
4. Belleville Senators , Ethan Prow 1 (Justin Kirkland 2, Alex Belzile 1) at 9:42
Brogan Rafferty (VAN) for Interference (Minor) at 10:27
3rd period
No Goal
Dylan Duke (VAN) for Delaying the game (Minor) at 11:37
Goalie Stats
Cayden Primeau (VAN), 24 saves from 27 shots - (0,889), L, 0-1-0, 60:00 minutes
Eric Comrie (OTT), 37 saves from 38 shots - (0,974), W, 1-0-0, 60:00 minutes
3 StarsOfficial
1 - Eric Comrie (OTT)
2 - Ethan Prow (OTT)
3 - Rhett Gardner (OTT)
Referees : Jon McIsaac and Alexandra Clarke
Linesman : Shandor Alphonso and Shawn Oliver
Game Note
No Game Note



Team Name Goals Shots Shots Attemp Shots Blocked PIM HIT PP PK FO%
Canucks 1387384220 / 1 (0%)061%
Belleville Senators 32752112230 / 2 (0%)039%

Canucks
Player Name POS G A P +/- PIM HIT SHT SB MP PP MP PP SHT PK MP PK SHT FO% FOT GA TA
Andreas AthanasiouC/RW000-2013019:090:5601:04175% 1200
Anton BlidhLW000-2022017:560:5600:000100% 100
Austin WatsonLW0111052024:261:0202:1700% 110
Brogan RaffertyD000-1211227:441:1701:1200% 000
Dawson BarteauxD000000000:000:0000:0000% 000
Dylan DukeLW000-1210013:470:0000:1800% 000
Jesse PuljujarviRW10110412224:341:0202:18020% 513
John StevensC000001309:040:0000:45090% 1001
Max SzuberD000-1023020:450:4201:4100% 011
Max WannerD0000020010:560:0100:2300% 000
Michael BenningD000-1002120:420:4201:4100% 000
Nils AmanC/LW/RW0111000019:421:0201:04055% 2010
Oliver KapanenC000-1014014:070:0100:00057% 700
Oliver OkuliarLW000000000:510:0000:1000% 000
Olle LycksellRW000-2004017:590:5600:0000% 110
Patrik KochD000-1010011:360:0000:4200% 000
Torey KrugD0000002328:401:1702:1700% 012
Will LockwoodRW000-1010014:020:0100:0000% 000
Belleville Senators
Player Name POS G A P +/- PIM HIT SHT SB MP PP MP PP SHT PK MP PK SHT FO% FOT GA TA
Alex BelzileRW0111010013:320:0000:0000% 110
Brett MurrayLW0000002014:181:4000:4800% 201
Bryce KindoppRW000000000:480:1100:0000% 000
Charles HudonC/LW/RW0000022226:362:2111:00040% 2500
Ethan ProwD1012002013:000:0000:0000% 000
Glenn GawdinC0000033113:511:4500:00031% 1311
Hugh McGingLW0001001113:320:0000:000100% 100
Isaac RatcliffeLW0001000113:050:0800:1100% 000
Isak RosenRW0111041012:390:0000:0000% 100
Justin KirklandC0221013017:301:2900:50025% 400
Kieffer BellowsLW0000005019:472:1011:000100% 100
Madison BoweyD0002000213:000:0000:0000% 001
Montana OnyebuchiD0000041019:561:4700:5000% 010
Noel HoefenmayerD0000021127:042:1101:0900% 010
Oliver WahlstromRW1010034219:352:1000:000100% 120
Rhett GardnerC1011021012:480:0000:09050% 800
Tyler WotherspoonD0110001127:042:1101:0900% 012
Wyatt AamodtD0000010019:561:4700:5000% 001

Canucks

5 vs 5 Forward
Line #Left WingCenterRight WingPHYDFOFWanted %Time %Time Play
1Austin WatsonNils AmanJesse Puljujarvi1224034%18:08
2Anton BlidhAndreas AthanasiouOlle Lycksell1223032%17:02
3Dylan DukeOliver KapanenWill Lockwood1222024%13:11
4Jesse PuljujarviJohn StevensAustin Watson1221011%5:42
5 vs 5 Defense
Line #DefenseDefensePHYDFOFWanted %Time %Time Play
1Torey KrugBrogan Rafferty1224034%18:20
2Michael BenningMax Szuber1223034%18:19
3Brogan RaffertyPatrik Koch1222020%10:38
4Max WannerTorey Krug1221013%6:46
Power Play Forward
Line #Left WingCenterRight WingPHYDFOFWanted %Time %Time Play
1Austin WatsonNils AmanJesse Puljujarvi1226053%1:03
2Anton BlidhAndreas AthanasiouOlle Lycksell1224047%0:56
Power Play Defense
Line #DefenseDefensePHYDFOFWanted %Time %Time Play
1Torey KrugBrogan Rafferty1226065%1:17
2Michael BenningMax Szuber1224035%0:42
Penalty Kill 4 Players Forward
Line #CenterWingPHYDFOFWanted %Time %Time Play
1Jesse PuljujarviAustin Watson1226073%2:54
2Nils AmanAndreas Athanasiou1224027%1:04
Penalty Kill 4 Players Defense
Line #DefenseDefensePHYDFOFWanted %Time %Time Play
1Torey KrugBrogan Rafferty1226058%2:17
2Michael BenningMax Szuber1224042%1:41
Penalty Kill 3 Players
Line #WingPHYDFOFWanted %Time %Time PlayDefenseDefensePHYDFOFWanted %Time %Time Play
1Jesse Puljujarvi122600%0:00 Torey KrugMichael Benning122600%0:00
2Austin Watson122400%0:00 Michael BenningMax Szuber122400%0:00
4 vs 4 Forward
Line #CenterWingPHYDFOFWanted %Time %Time Play
1Jesse PuljujarviAustin Watson122600%0:00
2Nils AmanAndreas Athanasiou122400%0:00
4 vs 4 Defense
Line #DefensePHYDFOFWanted %Time %Time Play
1Torey KrugMax Szuber122600%0:00
2Michael BenningMax Szuber122400%0:00
Last Minutes Offensive
Left WingCenterRight WingDefenseDefense
Austin WatsonNils AmanJesse PuljujarviTorey KrugBrogan Rafferty
Last Minutes Defensive
Left WingCenterRight WingDefenseDefense
Austin WatsonNils AmanJesse PuljujarviTorey KrugBrogan Rafferty
Time
Total ForwardTotal DefenseLast Minutes OffensiveLast Minutes Defensive
60:00 60:00 0:000:00
Extra Forwards
Normal PowerPlayPenalty Kill
Oliver Kapanen, Will Lockwood, John StevensOliver Kapanen, Will LockwoodJohn Stevens
Extra Defensemen
Normal PowerPlayPenalty Kill
Brogan Rafferty, Patrik Koch, Max WannerBrogan Rafferty, Patrik KochMax Wanner
Penalty Shots
Jesse Puljujarvi, Austin Watson, Nils Aman, Andreas Athanasiou, Olle Lycksell
Goalie
Cayden Primeau, Carl Lindbom
Scratches
Alexis Gendron (Healthy), Daylan Kuefler (Healthy), Gabriel Dumont (Healthy), Will MacKinnon (Healthy), Will Zmolek (Healthy) Jackson Edward (Healthy), Kaleb Lawrence (Healthy), Marc-Andre Gaudet (Healthy), Max Dorrington (Healthy), Nicolas Mattinen (Healthy) Will Dineen (Healthy), Peter DiLiberatore (Healthy), Max Willman (Healthy), Damian Clara (Healthy), Ruslan Khazheyev (Healthy) Will Cranley (Healthy)

Belleville Senators

5 vs 5 Forward
Line #Left WingCenterRight WingPHYDFOFWanted %Time %Time Play
1Kieffer BellowsCharles HudonOliver Wahlstrom1224031%17:01
2Brett MurrayGlenn GawdinCharles Hudon1223020%10:51
3Hugh McGingJustin KirklandAlex Belzile1222025%13:32
4Isaac RatcliffeRhett GardnerIsak Rosen1221023%12:39
5 vs 5 Defense
Line #DefenseDefensePHYDFOFWanted %Time %Time Play
1Tyler WotherspoonNoel Hoefenmayer1224037%19:52
2Wyatt AamodtMontana Onyebuchi1223032%17:19
3Ethan ProwMadison Bowey1222024%13:00
4Tyler WotherspoonNoel Hoefenmayer122107%3:52
Power Play Forward
Line #Left WingCenterRight WingPHYDFOFWanted %Time %Time Play
1Kieffer BellowsCharles HudonOliver Wahlstrom1226059%2:21
2Brett MurrayGlenn GawdinCharles Hudon1224041%1:37
Power Play Defense
Line #DefenseDefensePHYDFOFWanted %Time %Time Play
1Tyler WotherspoonNoel Hoefenmayer1226055%2:11
2Wyatt AamodtMontana Onyebuchi1224045%1:47
Penalty Kill 4 Players Forward
Line #CenterWingPHYDFOFWanted %Time %Time Play
1Charles HudonKieffer Bellows1226071%1:25
2Glenn GawdinBrett Murray1224029%0:34
Penalty Kill 4 Players Defense
Line #DefenseDefensePHYDFOFWanted %Time %Time Play
1Tyler WotherspoonNoel Hoefenmayer1226058%1:09
2Wyatt AamodtMontana Onyebuchi1224042%0:50
Penalty Kill 3 Players
Line #WingPHYDFOFWanted %Time %Time PlayDefenseDefensePHYDFOFWanted %Time %Time Play
1Charles Hudon122600%0:00 Tyler WotherspoonNoel Hoefenmayer122600%0:00
2Glenn Gawdin122400%0:00 Wyatt AamodtMontana Onyebuchi122400%0:00
4 vs 4 Forward
Line #CenterWingPHYDFOFWanted %Time %Time Play
1Charles HudonKieffer Bellows122600%0:00
2Glenn GawdinBrett Murray122400%0:00
4 vs 4 Defense
Line #DefensePHYDFOFWanted %Time %Time Play
1Tyler WotherspoonNoel Hoefenmayer122600%0:00
2Wyatt AamodtMontana Onyebuchi122400%0:00
Last Minutes Offensive
Left WingCenterRight WingDefenseDefense
Kieffer BellowsCharles HudonOliver WahlstromTyler WotherspoonNoel Hoefenmayer
Last Minutes Defensive
Left WingCenterRight WingDefenseDefense
Kieffer BellowsCharles HudonOliver WahlstromTyler WotherspoonNoel Hoefenmayer
Time
Total ForwardTotal DefenseLast Minutes OffensiveLast Minutes Defensive
60:00 60:00 0:000:00
Extra Forwards
Normal PowerPlayPenalty Kill
Glenn Gawdin, Justin Kirkland, Brett MurrayGlenn Gawdin, Justin KirklandGlenn Gawdin
Extra Defensemen
Normal PowerPlayPenalty Kill
Montana Onyebuchi, Ethan Prow, Madison BoweyMontana Onyebuchi, Montana OnyebuchiEthan Prow
Penalty Shots
Oliver Wahlstrom, Kieffer Bellows, Charles Hudon, Alex Belzile, Glenn Gawdin
Goalie
Eric Comrie, Dylan Garand
Scratches
Michael Buchinger (Healthy), Dakota Mermis (Healthy), Roby Jarventie (Healthy), Tyson Empey (Healthy), Olivier Rodrigue (Healthy)


Play-by-Play

1st period


0:01 of 1st period - Nils Aman wins face-off versus Charles Hudon in neutral zone.
0:04 of 1st period - Wrist shot by Jesse Puljujarvi.
0:04 of 1st period - Stopped by Eric Comrie with a rebound.
0:10 of 1st period - Austin Watson is hit by Oliver Wahlstrom.
0:20 of 1st period - Nils Aman is hit by Oliver Wahlstrom and loses puck.
0:38 of 1st period - Wrist shot by Alex Belzile.
0:38 of 1st period - Shot Blocked by Brogan Rafferty.
0:41 of 1st period - Icing by Torey Krug.
0:42 of 1st period - Andreas Athanasiou wins face-off versus Glenn Gawdin in Canucks zone.
1:21 of 1st period - Will Lockwood is hit by Rhett Gardner and loses puck.
2:19 of 1st period - Andreas Athanasiou is hit by Noel Hoefenmayer and loses puck.
2:39 of 1st period - Tyler Wotherspoon is hit by Max Wanner.
2:53 of 1st period - Slapshot by Kieffer Bellows.
2:53 of 1st period - Shot Blocked by Torey Krug.
3:25 of 1st period - Snap shot by Glenn Gawdin.
3:25 of 1st period - Stopped by Cayden Primeau without a rebound.
3:26 of 1st period - Glenn Gawdin wins face-off versus Austin Watson in Canucks zone.
3:58 of 1st period - Backhand shot by Andreas Athanasiou.
3:58 of 1st period - Deflect By Olle Lycksell.
3:58 of 1st period - Stopped by Eric Comrie without a rebound.
3:59 of 1st period - Rhett Gardner wins face-off versus Oliver Kapanen in Belleville Senators zone.
4:04 of 1st period - Slapshot by Montana Onyebuchi.
4:04 of 1st period - Shot Misses the Net.
4:12 of 1st period - Snap shot by Oliver Kapanen.
4:12 of 1st period - Shot Misses the Net.
5:26 of 1st period - Dylan Duke is hit by Rhett Gardner and loses puck.
6:29 of 1st period - Glenn Gawdin is hit by Austin Watson.
6:41 of 1st period - Rhett Gardner is hit by Max Wanner and loses puck.
7:33 of 1st period - Icing by Michael Benning.
7:34 of 1st period - Hugh McGing wins face-off versus Oliver Kapanen in Canucks zone.
7:39 of 1st period - Snap shot by Justin Kirkland.
7:39 of 1st period - Stopped by Cayden Primeau with a rebound.
8:18 of 1st period - Nils Aman is hit by Montana Onyebuchi and loses puck.
8:39 of 1st period - Snap shot by Isak Rosen.
8:39 of 1st period - Shot Misses the Net.
8:57 of 1st period - Snap shot by Andreas Athanasiou.
8:57 of 1st period - Shot Misses the Net.
9:11 of 1st period - Snap shot by Charles Hudon.
9:11 of 1st period - Stopped by Cayden Primeau without a rebound.
9:12 of 1st period - Andreas Athanasiou wins face-off versus Glenn Gawdin in Canucks zone.
9:19 of 1st period - Slapshot by Olle Lycksell.
9:19 of 1st period - Stopped by Eric Comrie with a rebound.
9:21 of 1st period - Slapshot by Max Szuber.
9:21 of 1st period - Stopped by Eric Comrie without a rebound.
9:21 of 1st period - Minor Penalty to Eric Comrie for Delaying the game.
9:22 of 1st period - Nils Aman wins face-off versus Charles Hudon in Belleville Senators zone.
9:55 of 1st period - Kieffer Bellows is hit by Brogan Rafferty.
11:21 of 1st period - Penalty to Glenn Gawdin is over, Glenn Gawdin is back on ice.
11:32 of 1st period - Wrist shot by Isaac Ratcliffe.
11:32 of 1st period - Shot Misses the Net.
11:56 of 1st period - Icing by Patrik Koch.
11:57 of 1st period - Charles Hudon wins face-off versus John Stevens in Canucks zone.
11:58 of 1st period - Snap shot by Oliver Wahlstrom.
11:58 of 1st period - Stopped by Cayden Primeau without a rebound.
11:59 of 1st period - John Stevens wins face-off versus Charles Hudon in Canucks zone.
12:09 of 1st period - Slapshot by Oliver Wahlstrom.
12:09 of 1st period - Shot Hit the Post.
12:11 of 1st period - Slapshot by Montana Onyebuchi.
12:11 of 1st period - Stopped by Cayden Primeau with a rebound.
12:13 of 1st period - Slapshot by Kieffer Bellows.
12:13 of 1st period - Stopped by Cayden Primeau with a rebound.
12:25 of 1st period - Justin Kirkland is hit by Anton Blidh and loses puck.
12:58 of 1st period - Slapshot by Noel Hoefenmayer.
12:58 of 1st period - Stopped by Cayden Primeau with a rebound.
13:20 of 1st period - Noel Hoefenmayer is hit by Anton Blidh and loses puck.
14:05 of 1st period - Isaac Ratcliffe is hit by Andreas Athanasiou and loses puck.
14:42 of 1st period - Snap shot by Charles Hudon.
14:42 of 1st period - Shot Misses the Net.
15:29 of 1st period - Wrist shot by Justin Kirkland.
15:29 of 1st period - Shot Misses the Net.
15:47 of 1st period - Brogan Rafferty is hit by Isak Rosen and loses puck.
15:52 of 1st period - Slapshot by Isak Rosen.
15:52 of 1st period - Stopped by Cayden Primeau with a rebound.
17:56 of 1st period - Max Szuber is hit by Isak Rosen.
18:00 of 1st period - Will Lockwood is hit by Isak Rosen and loses puck.
19:46 of 1st period - Slapshot by Justin Kirkland.
19:46 of 1st period - Stopped by Cayden Primeau with a rebound.
Goals for this period are 0 for Canucks vs 0 for Belleville Senators.
Shots for this period are 4 for Canucks vs 9 for Belleville Senators.

2nd period


0:01 of 2nd period - Nils Aman wins face-off versus Charles Hudon in neutral zone.
0:06 of 2nd period - Snap shot by Nils Aman.
0:06 of 2nd period - Shot Blocked by Oliver Wahlstrom.
0:08 of 2nd period - Slapshot by Brogan Rafferty.
0:08 of 2nd period - Deflect By Jesse Puljujarvi.
0:08 of 2nd period - Stopped by Eric Comrie without a rebound.
0:09 of 2nd period - Kieffer Bellows wins face-off versus Jesse Puljujarvi in Belleville Senators zone.
0:09 of 2nd period - Kieffer Bellows is hit by Jesse Puljujarvi.
0:15 of 2nd period - Snap shot by Jesse Puljujarvi.
0:15 of 2nd period - Shot Misses the Net.
0:17 of 2nd period - Snap shot by Jesse Puljujarvi.
0:17 of 2nd period - Shot Blocked by Tyler Wotherspoon.
0:19 of 2nd period - Snap shot by Jesse Puljujarvi.
0:19 of 2nd period - Stopped by Eric Comrie with a rebound.
0:21 of 2nd period - Slapshot by Brogan Rafferty.
0:21 of 2nd period - Shot Misses the Net.
0:23 of 2nd period - Snap shot by Jesse Puljujarvi.
0:23 of 2nd period - Stopped by Eric Comrie without a rebound.
0:24 of 2nd period - Nils Aman wins face-off versus Glenn Gawdin in Belleville Senators zone.
0:29 of 2nd period - Snap shot by Jesse Puljujarvi.
0:29 of 2nd period - Deflect By Charles Hudon.
0:29 of 2nd period - Stopped by Eric Comrie without a rebound.
0:30 of 2nd period - Nils Aman wins face-off versus Glenn Gawdin in Belleville Senators zone.
0:35 of 2nd period - Slapshot by Jesse Puljujarvi.
0:35 of 2nd period - Stopped by Eric Comrie with a rebound.
0:37 of 2nd period - Wrist shot by Jesse Puljujarvi.
0:37 of 2nd period - Shot Misses the Net.
0:39 of 2nd period - Slapshot by Torey Krug.
0:39 of 2nd period - Stopped by Eric Comrie with a rebound.
0:41 of 2nd period - Wrist shot by Brogan Rafferty.
0:41 of 2nd period - Shot Misses the Net.
0:43 of 2nd period - Snap shot by Austin Watson.
0:43 of 2nd period - Shot Misses the Net.
0:45 of 2nd period - Slapshot by Torey Krug.
0:45 of 2nd period - Shot Misses the Net.
1:21 of 2nd period - Torey Krug is hit by Montana Onyebuchi and loses puck.
2:26 of 2nd period - Wrist shot by Charles Hudon.
2:26 of 2nd period - Shot Blocked by Jesse Puljujarvi.
2:52 of 2nd period - Slapshot by Rhett Gardner.
2:52 of 2nd period - Deflect By Isaac Ratcliffe.
2:52 of 2nd period - Shot Misses the Net.
2:52 of 2nd period - Puck is out of play.
2:53 of 2nd period - Andreas Athanasiou wins face-off versus Rhett Gardner in Canucks zone.
3:21 of 2nd period - Snap shot by Isak Rosen.
3:21 of 2nd period - Deflect By Rhett Gardner.
3:21 of 2nd period - Goal by Rhett Gardner - Canucks : 0 - Belleville Senators : 1.
3:22 of 2nd period - Charles Hudon wins face-off versus Nils Aman in neutral zone.
3:58 of 2nd period - Slapshot by Olle Lycksell.
3:58 of 2nd period - Shot Hit the Post.
4:00 of 2nd period - Slapshot by Max Szuber.
4:00 of 2nd period - Deflect By Justin Kirkland.
4:00 of 2nd period - Stopped by Eric Comrie without a rebound.
4:01 of 2nd period - Oliver Kapanen wins face-off versus Brett Murray in Belleville Senators zone.
4:26 of 2nd period - Brogan Rafferty is hit by Wyatt Aamodt.
4:36 of 2nd period - Backhand shot by Hugh McGing.
4:36 of 2nd period - Stopped by Cayden Primeau without a rebound.
4:37 of 2nd period - Anton Blidh wins face-off versus Charles Hudon in Canucks zone.
4:42 of 2nd period - Slapshot by Michael Benning.
4:42 of 2nd period - Shot Misses the Net.
4:52 of 2nd period - Snap shot by Anton Blidh.
4:52 of 2nd period - Stopped by Eric Comrie with a rebound.
5:12 of 2nd period - Slapshot by Jesse Puljujarvi.
5:12 of 2nd period - Shot Blocked by Hugh McGing.
5:14 of 2nd period - Snap shot by Max Szuber.
5:14 of 2nd period - Shot Blocked by Madison Bowey.
5:24 of 2nd period - Slapshot by Dylan Duke.
5:24 of 2nd period - Shot Misses the Net.
5:26 of 2nd period - Slapshot by Brogan Rafferty.
5:26 of 2nd period - Shot Misses the Net.
5:28 of 2nd period - Slapshot by Torey Krug.
5:28 of 2nd period - Shot Misses the Net.
5:32 of 2nd period - Wrist shot by Oliver Kapanen.
5:32 of 2nd period - Shot Blocked by Madison Bowey.
5:34 of 2nd period - Wrist shot by Dylan Duke.
5:34 of 2nd period - Deflect By Will Lockwood.
5:34 of 2nd period - Shot Misses the Net.
5:34 of 2nd period - Puck is out of play.
5:35 of 2nd period - Nils Aman wins face-off versus Charles Hudon in Belleville Senators zone.
5:48 of 2nd period - Slapshot by Jesse Puljujarvi.
5:48 of 2nd period - Goal by Jesse Puljujarvi - Canucks : 1 - Belleville Senators : 1.
5:49 of 2nd period - Charles Hudon wins face-off versus Nils Aman in neutral zone.
5:54 of 2nd period - Oliver Wahlstrom is hit by Jesse Puljujarvi and loses puck.
7:10 of 2nd period - Slapshot by Oliver Wahlstrom.
7:10 of 2nd period - Goal by Oliver Wahlstrom - Canucks : 1 - Belleville Senators : 2.
7:11 of 2nd period - Charles Hudon wins face-off versus Nils Aman in neutral zone.
7:21 of 2nd period - Off-side.
7:22 of 2nd period - Nils Aman wins face-off versus Charles Hudon in neutral zone.
7:33 of 2nd period - Snap shot by Jesse Puljujarvi.
7:33 of 2nd period - Stopped by Eric Comrie without a rebound.
7:34 of 2nd period - Nils Aman wins face-off versus Charles Hudon in Belleville Senators zone.
7:35 of 2nd period - Backhand shot by Jesse Puljujarvi.
7:35 of 2nd period - Shot Blocked by Oliver Wahlstrom.
8:22 of 2nd period - Dylan Duke is hit by Glenn Gawdin and loses puck.
8:53 of 2nd period - Anton Blidh is hit by Isak Rosen and loses puck.
9:17 of 2nd period - Wyatt Aamodt is hit by Austin Watson and loses puck.
9:28 of 2nd period - Wrist shot by Oliver Kapanen.
9:28 of 2nd period - Stopped by Eric Comrie with a rebound.
9:30 of 2nd period - Snap shot by Oliver Kapanen.
9:30 of 2nd period - Stopped by Eric Comrie without a rebound.
9:31 of 2nd period - Oliver Kapanen wins face-off versus Alex Belzile in Belleville Senators zone.
9:40 of 2nd period - Slapshot by Justin Kirkland.
9:40 of 2nd period - Stopped by Cayden Primeau with a rebound.
9:42 of 2nd period - Snap shot by Ethan Prow.
9:42 of 2nd period - Goal by Ethan Prow - Canucks : 1 - Belleville Senators : 3.
9:43 of 2nd period - Charles Hudon wins face-off versus Nils Aman in neutral zone.
9:52 of 2nd period - Charles Hudon is hit by Jesse Puljujarvi and loses puck.
10:05 of 2nd period - Tyler Wotherspoon is hit by Austin Watson and loses puck.
10:27 of 2nd period - Minor Penalty to Brogan Rafferty for Interference.
10:28 of 2nd period - Oliver Wahlstrom wins face-off versus Jesse Puljujarvi in Canucks zone.
10:28 of 2nd period - Slapshot by Kieffer Bellows.
10:28 of 2nd period - Shot Misses the Net.
10:30 of 2nd period - Wrist shot by Kieffer Bellows.
10:30 of 2nd period - Shot Blocked by Jesse Puljujarvi.
10:32 of 2nd period - Snap shot by Charles Hudon.
10:32 of 2nd period - Stopped by Cayden Primeau without a rebound.
10:33 of 2nd period - Charles Hudon wins face-off versus Jesse Puljujarvi in Canucks zone.
10:50 of 2nd period - Snap shot by Kieffer Bellows.
10:50 of 2nd period - Stopped by Cayden Primeau with a rebound.
11:10 of 2nd period - Jesse Puljujarvi is hit by Charles Hudon and loses puck.
11:29 of 2nd period - Wrist shot by Andreas Athanasiou.
11:29 of 2nd period - Stopped by Eric Comrie with a rebound.
12:27 of 2nd period - Penalty to Brogan Rafferty is over, Brogan Rafferty is back on ice.
12:57 of 2nd period - Snap shot by Michael Benning.
12:57 of 2nd period - Shot Misses the Net.
13:58 of 2nd period - Ethan Prow is hit by Austin Watson and loses puck.
15:02 of 2nd period - Brogan Rafferty is hit by Montana Onyebuchi and loses puck.
16:15 of 2nd period - Alex Belzile is hit by Will Lockwood and loses puck.
16:45 of 2nd period - Anton Blidh is hit by Glenn Gawdin.
16:49 of 2nd period - Torey Krug is hit by Charles Hudon and loses puck.
18:31 of 2nd period - Icing by Max Szuber.
18:32 of 2nd period - John Stevens wins face-off versus Isak Rosen in Canucks zone.
19:07 of 2nd period - Isaac Ratcliffe is hit by Dylan Duke and loses puck.
19:20 of 2nd period - Slapshot by Ethan Prow.
19:20 of 2nd period - Stopped by Cayden Primeau without a rebound.
19:21 of 2nd period - Charles Hudon wins face-off versus Nils Aman in Canucks zone.
19:22 of 2nd period - Snap shot by Kieffer Bellows.
19:22 of 2nd period - Shot Blocked by Michael Benning.
19:28 of 2nd period - Kieffer Bellows is hit by Max Szuber and loses puck.
Goals for this period are 1 for Canucks vs 3 for Belleville Senators.
Shots for this period are 13 for Canucks vs 8 for Belleville Senators.

3rd period


0:01 of 3rd period - Charles Hudon wins face-off versus Nils Aman in neutral zone.
0:06 of 3rd period - Snap shot by Oliver Wahlstrom.
0:06 of 3rd period - Stopped by Cayden Primeau without a rebound.
0:07 of 3rd period - Nils Aman wins face-off versus Charles Hudon in Canucks zone.
0:14 of 3rd period - Wrist shot by Jesse Puljujarvi.
0:14 of 3rd period - Stopped by Eric Comrie with a rebound.
0:20 of 3rd period - Austin Watson is hit by Oliver Wahlstrom and loses puck.
0:29 of 3rd period - Slapshot by Oliver Wahlstrom.
0:29 of 3rd period - Shot Misses the Net.
0:33 of 3rd period - Snap shot by Kieffer Bellows.
0:33 of 3rd period - Stopped by Cayden Primeau with a rebound.
1:15 of 3rd period - Snap shot by Jesse Puljujarvi.
1:15 of 3rd period - Shot Blocked by Charles Hudon.
2:25 of 3rd period - Snap shot by Nils Aman.
2:25 of 3rd period - Shot Blocked by Noel Hoefenmayer.
2:33 of 3rd period - Slapshot by Kieffer Bellows.
2:33 of 3rd period - Stopped by Cayden Primeau without a rebound.
2:34 of 3rd period - Andreas Athanasiou wins face-off versus Justin Kirkland in Canucks zone.
2:34 of 3rd period - Andreas Athanasiou is hit by Justin Kirkland.
2:56 of 3rd period - Icing by Anton Blidh.
2:57 of 3rd period - Andreas Athanasiou wins face-off versus Rhett Gardner in Canucks zone.
3:02 of 3rd period - Slapshot by Michael Benning.
3:02 of 3rd period - Stopped by Eric Comrie without a rebound.
3:03 of 3rd period - Rhett Gardner wins face-off versus Oliver Kapanen in Belleville Senators zone.
3:10 of 3rd period - Wrist shot by Dylan Duke.
3:10 of 3rd period - Shot Blocked by Isaac Ratcliffe.
3:12 of 3rd period - Slapshot by Oliver Kapanen.
3:12 of 3rd period - Stopped by Eric Comrie with a rebound.
3:14 of 3rd period - Slapshot by Will Lockwood.
3:14 of 3rd period - Shot Misses the Net.
3:16 of 3rd period - Snap shot by Oliver Kapanen.
3:16 of 3rd period - Stopped by Eric Comrie without a rebound.
3:17 of 3rd period - Andreas Athanasiou wins face-off versus Justin Kirkland in Belleville Senators zone.
3:26 of 3rd period - Slapshot by Justin Kirkland.
3:26 of 3rd period - Shot Misses the Net.
4:33 of 3rd period - Michael Benning is hit by Alex Belzile and loses puck.
6:29 of 3rd period - Brett Murray is hit by Jesse Puljujarvi and loses puck.
7:28 of 3rd period - Icing by John Stevens.
7:29 of 3rd period - John Stevens wins face-off versus Rhett Gardner in Canucks zone.
7:34 of 3rd period - Rhett Gardner is hit by Max Szuber and loses puck.
8:13 of 3rd period - Slapshot by Justin Kirkland.
8:13 of 3rd period - Shot Misses the Net.
8:37 of 3rd period - Icing by Patrik Koch.
8:38 of 3rd period - Rhett Gardner wins face-off versus Andreas Athanasiou in Canucks zone.
8:45 of 3rd period - Snap shot by Rhett Gardner.
8:45 of 3rd period - Shot Blocked by Brogan Rafferty.
8:47 of 3rd period - Slapshot by Noel Hoefenmayer.
8:47 of 3rd period - Shot Misses the Net.
8:49 of 3rd period - Slapshot by Noel Hoefenmayer.
8:49 of 3rd period - Deflect By Rhett Gardner.
8:49 of 3rd period - Shot Misses the Net.
8:49 of 3rd period - Puck is out of play.
8:50 of 3rd period - Nils Aman wins face-off versus Glenn Gawdin in Canucks zone.
9:21 of 3rd period - Snap shot by Anton Blidh.
9:21 of 3rd period - Stopped by Eric Comrie with a rebound.
9:43 of 3rd period - Slapshot by Kieffer Bellows.
9:43 of 3rd period - Stopped by Cayden Primeau without a rebound.
9:44 of 3rd period - Glenn Gawdin wins face-off versus Nils Aman in Canucks zone.
9:59 of 3rd period - Snap shot by Jesse Puljujarvi.
9:59 of 3rd period - Stopped by Eric Comrie without a rebound.
10:00 of 3rd period - Justin Kirkland wins face-off versus Andreas Athanasiou in Belleville Senators zone.
10:00 of 3rd period - Justin Kirkland is hit by Patrik Koch.
10:32 of 3rd period - Icing by Austin Watson.
10:33 of 3rd period - Charles Hudon wins face-off versus Nils Aman in Canucks zone.
10:40 of 3rd period - Wrist shot by Oliver Wahlstrom.
10:40 of 3rd period - Shot Misses the Net.
11:04 of 3rd period - Off-side.
11:05 of 3rd period - Rhett Gardner wins face-off versus Olle Lycksell in neutral zone.
11:37 of 3rd period - Minor Penalty to Dylan Duke for Delaying the game.
11:38 of 3rd period - Charles Hudon wins face-off versus Jesse Puljujarvi in Canucks zone.
11:40 of 3rd period - Wrist shot by Oliver Wahlstrom.
11:40 of 3rd period - Deflect By Kieffer Bellows.
11:40 of 3rd period - Shot Blocked by Torey Krug.
11:40 of 3rd period - Puck is out of play.
11:41 of 3rd period - Jesse Puljujarvi wins face-off versus Charles Hudon in Canucks zone.
11:52 of 3rd period - Snap shot by Charles Hudon.
11:52 of 3rd period - Shot Hit the Post.
12:47 of 3rd period - Icing by Wyatt Aamodt.
12:48 of 3rd period - Glenn Gawdin wins face-off versus Nils Aman in Belleville Senators zone.
13:37 of 3rd period - Penalty to Dylan Duke is over, Dylan Duke is back on ice.
13:42 of 3rd period - Snap shot by Dylan Duke.
13:42 of 3rd period - Deflect By Austin Watson.
13:42 of 3rd period - Stopped by Eric Comrie with a rebound.
13:44 of 3rd period - Backhand shot by Austin Watson.
13:44 of 3rd period - Stopped by Eric Comrie with a rebound.
13:46 of 3rd period - Backhand shot by Max Szuber.
13:46 of 3rd period - Deflect By John Stevens.
13:46 of 3rd period - Stopped by Eric Comrie without a rebound.
13:47 of 3rd period - Andreas Athanasiou wins face-off versus Rhett Gardner in Belleville Senators zone.
13:50 of 3rd period - Snap shot by Olle Lycksell.
13:50 of 3rd period - Stopped by Eric Comrie with a rebound.
13:52 of 3rd period - Wrist shot by Olle Lycksell.
13:52 of 3rd period - Shot Misses the Net.
13:54 of 3rd period - Slapshot by Brogan Rafferty.
13:54 of 3rd period - Stopped by Eric Comrie with a rebound.
13:56 of 3rd period - Wrist shot by Andreas Athanasiou.
13:56 of 3rd period - Stopped by Eric Comrie without a rebound.
13:57 of 3rd period - Andreas Athanasiou wins face-off versus Charles Hudon in Belleville Senators zone.
14:06 of 3rd period - Snap shot by Andreas Athanasiou.
14:06 of 3rd period - Shot Misses the Net.
14:08 of 3rd period - Snap shot by Andreas Athanasiou.
14:08 of 3rd period - Stopped by Eric Comrie with a rebound.
14:10 of 3rd period - Slapshot by Torey Krug.
14:10 of 3rd period - Shot Blocked by Charles Hudon.
14:32 of 3rd period - Slapshot by Torey Krug.
14:32 of 3rd period - Stopped by Eric Comrie with a rebound.
14:34 of 3rd period - Slapshot by Andreas Athanasiou.
14:34 of 3rd period - Shot Misses the Net.
14:49 of 3rd period - Icing by Brogan Rafferty.
14:50 of 3rd period - Andreas Athanasiou wins face-off versus Justin Kirkland in Canucks zone.
14:50 of 3rd period - Andreas Athanasiou is hit by Montana Onyebuchi.
14:56 of 3rd period - Slapshot by Torey Krug.
14:56 of 3rd period - Deflect By Olle Lycksell.
14:56 of 3rd period - Stopped by Eric Comrie without a rebound.
14:57 of 3rd period - Nils Aman wins face-off versus Brett Murray in Belleville Senators zone.
14:58 of 3rd period - Slapshot by Jesse Puljujarvi.
14:58 of 3rd period - Stopped by Eric Comrie with a rebound.
15:06 of 3rd period - Snap shot by Charles Hudon.
15:06 of 3rd period - Shot Misses the Net.
15:08 of 3rd period - Slapshot by Wyatt Aamodt.
15:08 of 3rd period - Deflect By Glenn Gawdin.
15:08 of 3rd period - Shot Misses the Net.
15:08 of 3rd period - Puck is out of play.
15:09 of 3rd period - John Stevens wins face-off versus Charles Hudon in Canucks zone.
15:09 of 3rd period - John Stevens is hit by Noel Hoefenmayer.
15:15 of 3rd period - Noel Hoefenmayer is hit by Austin Watson and loses puck.
15:25 of 3rd period - Backhand shot by Oliver Wahlstrom.
15:25 of 3rd period - Stopped by Cayden Primeau with a rebound.
15:35 of 3rd period - Glenn Gawdin is hit by Oliver Kapanen and loses puck.
15:57 of 3rd period - Icing by Torey Krug.
15:58 of 3rd period - Glenn Gawdin wins face-off versus Andreas Athanasiou in Canucks zone.
16:03 of 3rd period - Slapshot by Glenn Gawdin.
16:03 of 3rd period - Shot Blocked by Torey Krug.
16:05 of 3rd period - Wrist shot by Brett Murray.
16:05 of 3rd period - Deflect By Olle Lycksell.
16:05 of 3rd period - Stopped by Cayden Primeau without a rebound.
16:06 of 3rd period - John Stevens wins face-off versus Charles Hudon in Canucks zone.
16:11 of 3rd period - Snap shot by Glenn Gawdin.
16:11 of 3rd period - Stopped by Cayden Primeau with a rebound.
16:13 of 3rd period - Wrist shot by Tyler Wotherspoon.
16:13 of 3rd period - Stopped by Cayden Primeau without a rebound.
16:14 of 3rd period - John Stevens wins face-off versus Charles Hudon in Canucks zone.
16:26 of 3rd period - Wrist shot by Jesse Puljujarvi.
16:26 of 3rd period - Stopped by Eric Comrie without a rebound.
16:27 of 3rd period - John Stevens wins face-off versus Charles Hudon in Belleville Senators zone.
16:36 of 3rd period - Wrist shot by Austin Watson.
16:36 of 3rd period - Shot Misses the Net.
16:38 of 3rd period - Slapshot by Torey Krug.
16:38 of 3rd period - Shot Misses the Net.
16:40 of 3rd period - Wrist shot by John Stevens.
16:40 of 3rd period - Stopped by Eric Comrie with a rebound.
16:42 of 3rd period - Wrist shot by John Stevens.
16:42 of 3rd period - Stopped by Eric Comrie with a rebound.
17:09 of 3rd period - Snap shot by Dylan Duke.
17:09 of 3rd period - Shot Misses the Net.
17:11 of 3rd period - Slapshot by Max Szuber.
17:11 of 3rd period - Stopped by Eric Comrie without a rebound.
17:12 of 3rd period - Oliver Kapanen wins face-off versus Glenn Gawdin in Belleville Senators zone.
17:13 of 3rd period - Snap shot by Dylan Duke.
17:13 of 3rd period - Shot Blocked by Glenn Gawdin.
17:17 of 3rd period - Snap shot by Oliver Kapanen.
17:17 of 3rd period - Deflect By Will Lockwood.
17:17 of 3rd period - Shot Misses the Net.
17:17 of 3rd period - Puck is out of play.
17:18 of 3rd period - John Stevens wins face-off versus Glenn Gawdin in Belleville Senators zone.
18:07 of 3rd period - Backhand shot by Michael Benning.
18:07 of 3rd period - Stopped by Eric Comrie without a rebound.
18:08 of 3rd period - Oliver Kapanen wins face-off versus Glenn Gawdin in Belleville Senators zone.
18:19 of 3rd period - Wrist shot by Glenn Gawdin.
18:19 of 3rd period - Stopped by Cayden Primeau with a rebound.
18:21 of 3rd period - Slapshot by Noel Hoefenmayer.
18:21 of 3rd period - Deflect By Brett Murray.
18:21 of 3rd period - Stopped by Cayden Primeau without a rebound.
18:22 of 3rd period - John Stevens wins face-off versus Glenn Gawdin in Canucks zone.
18:22 of 3rd period - John Stevens is hit by Glenn Gawdin.
18:58 of 3rd period - Wrist shot by Nils Aman.
18:58 of 3rd period - Shot Misses the Net.
19:46 of 3rd period - Bryce Kindopp is hit by John Stevens and loses puck.
Goals for this period are 0 for Canucks vs 0 for Belleville Senators.
Shots for this period are 21 for Canucks vs 10 for Belleville Senators.